Nordiques vs Sénateurs
Created - 20 décembre 2014 at 23:51
Goals
|
| Nordiques |
1 |
1 |
1 |
0 |
1 |
3 |
| Sénateurs |
2 |
1 |
0 |
0 |
2 |
4 |
|
Shots
|
| Nordiques |
9 |
12 |
5 |
1 |
4 |
27 |
| Sénateurs |
18 |
10 |
5 |
2 |
4 |
35 |
|
1st period
1. Nordiques , Peter Prucha 18 (Tyler Arnason, Jordan Leopold) at 5:19
2. Sénateurs , Andy McDonald 18 (Jean-Pierre Dumont, Gilbert Brule) at 8:59
3. Sénateurs , Dan Girardi 1 (Jean-Pierre Dumont, Gilbert Brule) at 19:10 (PP)
Penalties :
Andrei Kostitsyn (Que) for Roughing (Minor) at 19:01, Vitaly Vishnevsky (Ott) for Roughing (Minor) at 19:52
2nd period
4. Sénateurs , Gilbert Brule 20 (Jean-Pierre Dumont, Dan Hamhuis) at 6:23
5. Nordiques , Chris Pronger 2 (Bryan McCabe) at 13:59
Penalties :
Chris Pronger (Que) for Hooking (Minor) at 8:56, Peter Prucha (Que) for Holding (Minor) at 17:29
3rd period
6. Nordiques , Jordan Leopold 2 (Jordan Eberle, Pierre-Marc Bouchard) at 4:45 (PP)
Penalties :
Sami Salo (Ott) for Tripping (Minor) at 2:01, Darcy Hordichuk (Ott) for Hooking (Minor) at 4:37, Gilbert Brule (Ott) for Goalie Interference (Minor) at 5:08, Vitaly Vishnevsky (Ott) for Hooking (Minor) at 12:27, Matt Ellison (Que) for Kneeing (Major) at 15:34
Overtime #1
No Goal
Penalties :
No Penalty
Shootout
Penalty Shot by Andrei Kostitsyn for Nordiques - Stopped by Jonas Hiller
Penalty Shot by Gilbert Brule for Sénateurs - Stopped by Jean-Sébastien Giguère
Penalty Shot by Pierre-Marc Bouchard for Nordiques - Stopped by Jonas Hiller
Penalty Shot by Jean-Pierre Dumont for Sénateurs - Stopped by Jean-Sébastien Giguère
Penalty Shot by Jordan Eberle for Nordiques - Goal!
Penalty Shot by Daymond Langkow for Sénateurs - Goal!
Penalty Shot by Peter Prucha for Nordiques - Stopped by Jonas Hiller
Penalty Shot by Andy McDonald for Sénateurs - Goal!
Penalties :
No Penalty
Goalie Stats
Jean-Sébastien Giguère (Que), 32 saves from 35 shots - (0,914), OTL, 9-15-2, 65:00 minutes
Jonas Hiller (Ott), 24 saves from 27 shots - (0,889), W, 12-11-3, 65:00 minutes
Players Stats for Nordiques
Player Name G A P +/- PIM S H SB GA TA FO MP PP MP PK MP
------------------------------------------------------------------------------------
Andrei Kostitsyn 0 0 0 0 2 5 1 3 1 0 2/2 21:20 4:32 2:19
Bryan McCabe 0 1 1 -2 0 0 4 2 1 0 0/0 28:30 5:11 5:19
Chris Pronger 1 0 1 -2 2 1 1 0 1 1 0/0 27:33 5:11 4:09
Ed Jovanovski 0 0 0 1 0 0 0 0 0 0 0/0 14:08 0:00 1:05
Jeff Halpern 0 0 0 -2 0 0 1 0 0 0 1/3 10:38 0:00 2:16
Jordan Eberle 0 1 1 0 0 3 1 0 0 0 0/1 19:29 4:32 2:15
Jordan Leopold 1 1 2 1 0 1 1 0 0 0 0/0 21:40 2:53 3:00
Matt Ellison 0 0 0 -2 5 0 0 1 0 0 1/1 8:06 0:00 0:00
Matt Smaby 0 0 0 1 0 1 0 3 0 0 0/0 23:06 2:53 3:11
Mattias Weinhandl 0 0 0 0 0 1 0 0 0 1 0/0 11:16 0:00 0:00
Mike York 0 0 0 0 0 2 2 0 0 0 0/0 12:50 0:00 0:13
Nick Schultz 0 0 0 1 0 0 3 0 0 0 0/0 15:19 0:00 1:28
Patrik Elias 0 0 0 2 0 0 3 1 1 0 1/1 19:52 3:32 3:45
Peter Prucha 1 0 1 2 2 2 1 0 0 0 1/1 16:14 3:32 0:00
Pierre-Marc Bouchard 0 1 1 0 0 6 1 0 1 0 17/34 23:16 4:32 4:22
Rickard Wallin 0 0 0 0 0 1 1 0 0 0 0/2 11:29 0:00 0:13
Ryan Bayda 0 0 0 -2 0 3 0 0 0 0 0/0 7:53 0:00 0:00
Tyler Arnason 0 1 1 2 0 1 1 0 0 0 2/5 18:11 3:32 2:15
Players Stats for Sénateurs
Player Name G A P +/- PIM S H SB GA TA FO MP PP MP PK MP
------------------------------------------------------------------------------------
Andrew Ebbett 0 0 0 0 0 3 1 0 1 0 3/5 12:15 1:06 0:55
Andy Hilbert 0 0 0 0 0 0 3 1 0 0 1/1 12:46 0:11 2:28
Andy McDonald 1 0 1 2 0 4 1 1 0 0 1/2 21:08 3:59 2:45
B.J. Crombeen 0 0 0 0 0 1 0 1 0 1 0/0 10:53 1:04 0:00
Carlo Colaiacovo 0 0 0 0 0 2 1 0 0 0 0/0 21:20 3:18 2:46
Dan Girardi 1 0 1 0 0 1 0 0 0 0 0/0 21:05 2:59 3:23
Dan Hamhuis 0 1 1 1 0 2 3 0 0 0 0/0 30:09 4:37 5:18
Darcy Hordichuk 0 0 0 -1 2 2 5 0 0 1 0/0 16:03 3:27 0:09
Daymond Langkow 0 0 0 -1 0 2 4 0 0 0 2/5 18:07 3:27 1:57
Gilbert Brule 1 2 3 2 2 3 2 0 0 0 16/30 23:05 4:01 3:32
Jean-Pierre Dumont 0 3 3 2 0 4 2 2 0 0 1/4 23:47 4:00 4:22
Nikita Alexeev 0 0 0 -1 0 1 4 0 0 0 1/1 10:04 0:54 0:00
Nikolai Kulemin 0 0 0 -1 0 4 3 0 0 0 0/0 8:54 0:00 0:00
Ryan Parent 0 0 0 -1 0 1 0 0 0 0 0/0 15:55 0:37 2:06
Sami Salo 0 0 0 -1 2 2 0 0 1 1 0/0 13:50 0:56 0:00
Todd Bertuzzi 0 0 0 -1 0 1 0 0 0 0 0/0 15:26 3:27 0:00
Vernon Fiddler 0 0 0 -1 0 0 1 0 0 0 0/2 8:54 0:00 0:00
Vitaly Vishnevsky 0 0 0 1 4 2 3 3 0 2 0/0 28:09 4:37 2:35
3 Stars
1 - Jean-Pierre Dumont (Ott)
2 - Gilbert Brule (Ott)
3 - Jordan Leopold (Que)
Power Play
Nordiques - 1 on 6 Attempt(s) - 16,67%
Sénateurs - 1 on 4 Attempt(s) - 25,00%
Penalty Kill
Nordiques - 3 on 4 Attempt(s) - 75,00%
- Score 0 goal in Penalty Kill
Sénateurs - 5 on 6 Attempt(s) - 83,33%
- Score 0 goal in Penalty Kill
Official
Referees : Meier Brad and Dwyer Gord
Linesman : Steve Barton and Scott Driscoll
Game Notes
3:03 of 1st period - Penalty Shot by Dan Girardi for Sénateurs - Stopped by Jean-Sébastien Giguère
Finance
Level 1 -- Attendance: 6000 (100,00%) -- Ticket Income 510 000 $
Level 2 -- Attendance: 4355 (87,10%) -- Ticket Income 217 750 $
Level 3 -- Attendance: 1803 (90,15%) -- Ticket Income 54 090 $
Level 4 -- Attendance: 4000 (100,00%) -- Ticket Income 60 000 $
Luxury Box -- Attendance: 692 (69,20%) -- Ticket Income 117 640 $
Game was played at the Place Banque Scotia
Total Attendance: 16850 (93,61%)
Total Ticket Income: 959 480 $
Other Income: 143 922 $
Total Income: 1 103 402 $
Nordiques
5 vs 5 Forward
Center Left Wing Right Wing Time % Phy DF OF
1 Pierre-Marc Bouchard Andrei Kostitsyn Jordan Eberle 40 0 2 3
2 Tyler Arnason Patrik Elias Peter Prucha 30 0 2 3
3 Rickard Wallin Mike York Mattias Weinhandl 20 1 2 2
4 Jeff Halpern Ryan Bayda Matt Ellison 10 1 2 2
5 vs 5 Defense
Defense Defense Time % Phy DF OF
1 Chris Pronger Bryan McCabe 40 0 2 3
2 Matt Smaby Jordan Leopold 30 0 2 3
3 Ed Jovanovski Nick Schultz 20 1 2 2
4 Chris Pronger Bryan McCabe 10 1 2 2
PowerPlay Forward
Center Left Wing Right Wing Time % Phy DF OF
1 Pierre-Marc Bouchard Andrei Kostitsyn Jordan Eberle 60 0 1 4
2 Tyler Arnason Patrik Elias Peter Prucha 40 0 1 4
PowerPlay Defense
Defense Defense Time % Phy DF OF
1 Chris Pronger Bryan McCabe 60 0 2 3
2 Matt Smaby Jordan Leopold 40 0 2 3
Penalty Kill 4 Players Forward
Center Wing Time % Phy DF OF
1 Pierre-Marc Bouchard Patrik Elias 60 1 3 1
2 Tyler Arnason Jordan Eberle 40 1 3 1
Penalty Kill 4 Players Defense
Defense Defense Time % Phy DF OF
1 Chris Pronger Bryan McCabe 60 1 3 1
2 Matt Smaby Jordan Leopold 40 1 3 1
Penalty Kill - 3 Players Forward
Forward Time % Phy DF OF
1 Pierre-Marc Bouchard 60 1 3 1
2 Jordan Eberle 40 1 3 1
Penalty Kill - 3 Players Defense
Defense Defense Time % Phy DF OF
1 Chris Pronger Bryan McCabe 60 1 3 1
2 Matt Smaby Jordan Leopold 40 1 3 1
4 vs 4 Forward
Center Wing Time % Phy DF OF
1 Pierre-Marc Bouchard Andrei Kostitsyn 60 0 2 3
2 Tyler Arnason Patrik Elias 40 0 2 3
4 vs 4 Defense
Defense Defense Time % Phy DF OF
1 Chris Pronger Bryan McCabe 60 1 2 2
2 Matt Smaby Jordan Leopold 40 1 2 2
Last Minutes Offensive
Center Left Wing Right Wing Defense Defense
Pierre-Marc Bouchard Andrei Kostitsyn Peter Prucha Chris Pronger Bryan McCabe
Last Minutes Defensive
Center Left Wing Right Wing Defense Defense
Pierre-Marc Bouchard Andrei Kostitsyn Peter Prucha Chris Pronger Bryan McCabe
Goaltenders
Starting : Jean-Sébastien Giguère
Backup : Mike Smith
Extra Forwards
Normal : Peter Prucha, Pierre-Marc Bouchard, Andrei Kostitsyn - PP : Peter Prucha, Jordan Eberle - PK : Pierre-Marc Bouchard
Extra Defensemen
Normal : Ed Jovanovski, Bryan McCabe, Matt Smaby - PP : Ed Jovanovski - PK : Nick Schultz, Matt Smaby
Penalty Shots
Andrei Kostitsyn, Pierre-Marc Bouchard, Jordan Eberle, Peter Prucha, Patrik Elias
Sénateurs
5 vs 5 Forward
Center Left Wing Right Wing Time % Phy DF OF
1 Gilbert Brule Andy McDonald Jean-Pierre Dumont 40 1 2 2
2 Daymond Langkow Darcy Hordichuk Todd Bertuzzi 30 1 2 2
3 Andrew Ebbett Andy Hilbert B.J. Crombeen 20 1 2 2
4 Vernon Fiddler Nikolai Kulemin Nikita Alexeev 10 1 2 2
5 vs 5 Defense
Defense Defense Time % Phy DF OF
1 Vitaly Vishnevsky Dan Hamhuis 40 1 2 2
2 Dan Girardi Carlo Colaiacovo 30 1 2 2
3 Sami Salo Ryan Parent 20 1 2 2
4 Vitaly Vishnevsky Dan Hamhuis 10 1 2 2
PowerPlay Forward
Center Left Wing Right Wing Time % Phy DF OF
1 Gilbert Brule Andy McDonald Jean-Pierre Dumont 60 1 2 2
2 Daymond Langkow Darcy Hordichuk Todd Bertuzzi 40 1 2 2
PowerPlay Defense
Defense Defense Time % Phy DF OF
1 Vitaly Vishnevsky Dan Hamhuis 60 1 2 2
2 Dan Girardi Carlo Colaiacovo 40 1 2 2
Penalty Kill 4 Players Forward
Center Wing Time % Phy DF OF
1 Gilbert Brule Jean-Pierre Dumont 60 1 2 2
2 Daymond Langkow Andy McDonald 40 1 2 2
Penalty Kill 4 Players Defense
Defense Defense Time % Phy DF OF
1 Vitaly Vishnevsky Dan Hamhuis 60 1 2 2
2 Dan Girardi Carlo Colaiacovo 40 1 2 2
Penalty Kill - 3 Players Forward
Forward Time % Phy DF OF
1 Gilbert Brule 60 1 2 2
2 Jean-Pierre Dumont 40 1 2 2
Penalty Kill - 3 Players Defense
Defense Defense Time % Phy DF OF
1 Vitaly Vishnevsky Dan Hamhuis 60 1 2 2
2 Dan Girardi Carlo Colaiacovo 40 1 2 2
4 vs 4 Forward
Center Wing Time % Phy DF OF
1 Gilbert Brule Jean-Pierre Dumont 60 1 2 2
2 Daymond Langkow Andy McDonald 40 1 2 2
4 vs 4 Defense
Defense Defense Time % Phy DF OF
1 Vitaly Vishnevsky Dan Hamhuis 60 1 2 2
2 Dan Girardi Carlo Colaiacovo 40 1 2 2
Last Minutes Offensive
Center Left Wing Right Wing Defense Defense
Gilbert Brule Andy McDonald Jean-Pierre Dumont Vitaly Vishnevsky Dan Hamhuis
Last Minutes Defensive
Center Left Wing Right Wing Defense Defense
Gilbert Brule Andy McDonald Jean-Pierre Dumont Vitaly Vishnevsky Dan Hamhuis
Goaltenders
Starting : Jonas Hiller
Backup : Jeff Deslauriers
Extra Forwards
Normal : Andrew Ebbett, B.J. Crombeen, Andy Hilbert - PP : Andrew Ebbett, B.J. Crombeen - PK : Andy Hilbert
Extra Defensemen
Normal : Sami Salo, Ryan Parent, Dan Girardi - PP : Sami Salo - PK : Ryan Parent, Dan Girardi
Penalty Shots
Gilbert Brule, Jean-Pierre Dumont, Daymond Langkow, Andy McDonald, Darcy Hordichuk
% Time on Ice - Nordiques
Lines # - Real PCT - Wanted PCT - Time Play
Normal Forward
1 - 30% - 40% - 12:58
2 - 26% - 30% - 11:17
3 - 26% - 20% - 11:16
4 - 18% - 10% - 7:53
Normal Defense
1 - 36% - 40% - 15:45
2 - 32% - 30% - 13:55
3 - 28% - 20% - 12:22
4 - 3% - 10% - 1:22
PP Forward
1 - 56% - 60% - 4:32
2 - 44% - 40% - 3:32
PP Defense
1 - 64% - 60% - 5:11
2 - 36% - 40% - 2:53
PK Forward
1 - 74% - 60% - 6:17
2 - 26% - 40% - 2:15
PK Defense
1 - 65% - 60% - 5:32
2 - 35% - 40% - 3:00
PK3 Forward
1 - 100% - 60% - 0:34
2 - 0% - 40% - 0:00
PK3 Defense
1 - 100% - 60% - 0:34
2 - 0% - 40% - 0:00
44 Forward
1 - 75% - 60% - 3:19
2 - 25% - 40% - 1:07
44 Defense
1 - 53% - 60% - 2:20
2 - 47% - 40% - 2:06
Last Minute Offensive - 0:00
Last Minute Defensive - 0:00
Total
Forward - 65:00
Defense - 65:00
|
% Time on Ice - Sénateurs
Lines # - Real PCT - Wanted PCT - Time Play
Normal Forward
1 - 32% - 40% - 13:53
2 - 28% - 30% - 12:01
3 - 20% - 20% - 8:36
4 - 21% - 10% - 8:54
Normal Defense
1 - 40% - 40% - 17:25
2 - 27% - 30% - 11:42
3 - 29% - 20% - 12:24
4 - 4% - 10% - 1:53
PP Forward
1 - 56% - 60% - 4:49
2 - 44% - 40% - 3:43
PP Defense
1 - 65% - 60% - 5:33
2 - 35% - 40% - 2:59
PK Forward
1 - 84% - 60% - 6:46
2 - 16% - 40% - 1:18
PK Defense
1 - 72% - 60% - 5:50
2 - 28% - 40% - 2:14
PK3 Forward
1 - 0% - 60%
2 - 0% - 40%
PK3 Defense
1 - 0% - 60%
2 - 0% - 40%
44 Forward
1 - 88% - 60% - 4:25
2 - 12% - 40% - 0:35
44 Defense
1 - 70% - 60% - 3:29
2 - 30% - 40% - 1:31
Last Minute Offensive - 0:00
Last Minute Defensive - 0:00
Total
Forward - 65:00
Defense - 65:00
|
Play by Play
1st period
0:01 of 1st period - Pierre-Marc Bouchard wins face-off versus Gilbert Brule in neutral zone.
0:04 of 1st period - Wrist shot by Jordan Eberle.
0:04 of 1st period - Stopped by Jonas Hiller without a rebound.
0:05 of 1st period - Gilbert Brule wins face-off versus Pierre-Marc Bouchard in Sénateurs zone.
0:12 of 1st period - Snap shot by Gilbert Brule.
0:12 of 1st period - Stopped by Jean-Sébastien Giguère with a rebound.
0:18 of 1st period - Snap shot by Gilbert Brule.
0:18 of 1st period - Stopped by Jean-Sébastien Giguère with a rebound.
0:30 of 1st period - Slapshot by Vitaly Vishnevsky.
0:30 of 1st period - Shot Misses the Net.
0:32 of 1st period - Slapshot by Vitaly Vishnevsky.
0:32 of 1st period - Stopped by Jean-Sébastien Giguère with a rebound.
0:38 of 1st period - Wrist shot by Darcy Hordichuk.
0:38 of 1st period - Stopped by Jean-Sébastien Giguère with a rebound.
0:40 of 1st period - Wrist shot by Darcy Hordichuk.
0:40 of 1st period - Shot Misses the Net.
0:52 of 1st period - B.J. Crombeen is hit by Mike York.
1:01 of 1st period - Off-side.
1:02 of 1st period - Matt Ellison wins face-off versus Vernon Fiddler in neutral zone.
1:05 of 1st period - Slapshot by Matt Smaby.
1:05 of 1st period - Stopped by Jonas Hiller with a rebound.
1:50 of 1st period - Wrist shot by Nikolai Kulemin.
1:50 of 1st period - Shot Blocked by Andrei Kostitsyn.
2:12 of 1st period - Snap shot by Andrei Kostitsyn.
2:12 of 1st period - Stopped by Jonas Hiller with a rebound.
2:20 of 1st period - Wrist shot by Nikita Alexeev.
2:20 of 1st period - Stopped by Jean-Sébastien Giguère with a rebound.
2:22 of 1st period - Backhand shot by Ryan Parent.
2:22 of 1st period - Stopped by Jean-Sébastien Giguère without a rebound.
2:23 of 1st period - Andy McDonald wins face-off versus Rickard Wallin in Nordiques zone.
3:03 of 1st period - Penalty Shot by Dan Girardi for Sénateurs.
3:03 of 1st period - Wrist shot by Dan Girardi.
3:03 of 1st period - Stopped by Jean-Sébastien Giguère.
3:04 of 1st period - Andrew Ebbett wins face-off versus Pierre-Marc Bouchard in Sénateurs zone.
3:56 of 1st period - Vitaly Vishnevsky is hit by Nick Schultz and loses puck.
4:29 of 1st period - Snap shot by Jean-Pierre Dumont.
4:29 of 1st period - Shot Misses the Net.
4:53 of 1st period - Rickard Wallin is hit by Carlo Colaiacovo and loses puck.
5:03 of 1st period - Icing by Tyler Arnason.
5:04 of 1st period - Tyler Arnason wins face-off versus Vernon Fiddler in Nordiques zone.
5:04 of 1st period - Tyler Arnason is hit by Nikita Alexeev.
5:12 of 1st period - Ryan Parent is hit by Jordan Leopold and loses puck.
5:17 of 1st period - Wrist shot by Tyler Arnason.
5:17 of 1st period - Stopped by Jonas Hiller with a rebound.
5:19 of 1st period - Snap shot by Peter Prucha.
5:19 of 1st period - Goal by Peter Prucha - Nordiques : 1 - Sénateurs : 0.
5:20 of 1st period - Pierre-Marc Bouchard wins face-off versus Gilbert Brule in neutral zone.
6:02 of 1st period - Peter Prucha is hit by Daymond Langkow and loses puck.
6:13 of 1st period - Wrist shot by B.J. Crombeen.
6:13 of 1st period - Stopped by Jean-Sébastien Giguère with a rebound.
6:32 of 1st period - Peter Prucha is hit by Gilbert Brule.
6:59 of 1st period - Vitaly Vishnevsky is hit by Nick Schultz and loses puck.
7:06 of 1st period - Snap shot by Nikita Alexeev.
7:06 of 1st period - Deflect By Nikolai Kulemin.
7:06 of 1st period - Stopped by Jean-Sébastien Giguère with a rebound.
7:08 of 1st period - Wrist shot by Vernon Fiddler.
7:08 of 1st period - Shot Blocked by Patrik Elias.
7:24 of 1st period - Slapshot by Daymond Langkow.
7:24 of 1st period - Shot Misses the Net.
8:04 of 1st period - Snap shot by Andy McDonald.
8:04 of 1st period - Shot Misses the Net.
8:06 of 1st period - Snap shot by Andy McDonald.
8:06 of 1st period - Stopped by Jean-Sébastien Giguère with a rebound.
8:08 of 1st period - Slapshot by Carlo Colaiacovo.
8:08 of 1st period - Stopped by Jean-Sébastien Giguère with a rebound.
8:10 of 1st period - Snap shot by Jean-Pierre Dumont.
8:10 of 1st period - Shot Misses the Net.
8:38 of 1st period - Chris Pronger is hit by Darcy Hordichuk and loses puck.
8:55 of 1st period - Wrist shot by Gilbert Brule.
8:55 of 1st period - Shot Misses the Net.
8:57 of 1st period - Wrist shot by Jean-Pierre Dumont.
8:57 of 1st period - Shot Misses the Net.
8:59 of 1st period - Wrist shot by Andy McDonald.
8:59 of 1st period - Goal by Andy McDonald - Nordiques : 1 - Sénateurs : 1.
9:00 of 1st period - Pierre-Marc Bouchard wins face-off versus Gilbert Brule in neutral zone.
9:03 of 1st period - Snap shot by Andrei Kostitsyn.
9:03 of 1st period - Stopped by Jonas Hiller with a rebound.
9:28 of 1st period - Snap shot by Ryan Bayda.
9:28 of 1st period - Stopped by Jonas Hiller without a rebound.
9:29 of 1st period - Daymond Langkow wins face-off versus Jeff Halpern in Sénateurs zone.
9:36 of 1st period - Snap shot by Daymond Langkow.
9:36 of 1st period - Deflect By Todd Bertuzzi.
9:36 of 1st period - Stopped by Jean-Sébastien Giguère with a rebound.
9:40 of 1st period - Wrist shot by Darcy Hordichuk.
9:40 of 1st period - Shot Blocked by Matt Smaby.
11:07 of 1st period - Snap shot by Ryan Bayda.
11:07 of 1st period - Stopped by Jonas Hiller without a rebound.
11:08 of 1st period - Pierre-Marc Bouchard wins face-off versus Andy McDonald in Sénateurs zone.
11:55 of 1st period - Ryan Parent is hit by Bryan McCabe and loses puck.
12:23 of 1st period - Ryan Parent is hit by Andrei Kostitsyn.
12:42 of 1st period - Matt Smaby is hit by Dan Hamhuis and loses puck.
12:47 of 1st period - Wrist shot by Gilbert Brule.
12:47 of 1st period - Shot Misses the Net.
12:49 of 1st period - Snap shot by Sami Salo.
12:49 of 1st period - Stopped by Jean-Sébastien Giguère without a rebound.
12:50 of 1st period - Jean-Pierre Dumont wins face-off versus Tyler Arnason in Nordiques zone.
13:15 of 1st period - Chris Pronger is hit by Andy Hilbert and loses puck.
13:43 of 1st period - Peter Prucha is hit by Vitaly Vishnevsky and loses puck.
13:48 of 1st period - Wrist shot by Daymond Langkow.
13:48 of 1st period - Stopped by Jean-Sébastien Giguère with a rebound.
14:40 of 1st period - Matt Smaby is hit by Andy Hilbert and loses puck.
15:07 of 1st period - Snap shot by Darcy Hordichuk.
15:07 of 1st period - Stopped by Jean-Sébastien Giguère without a rebound.
15:08 of 1st period - Pierre-Marc Bouchard wins face-off versus Gilbert Brule in Nordiques zone.
15:08 of 1st period - Pierre-Marc Bouchard is hit by Vitaly Vishnevsky.
15:16 of 1st period - Wrist shot by Pierre-Marc Bouchard.
15:16 of 1st period - Shot Blocked by Andy McDonald.
15:28 of 1st period - Ed Jovanovski is hit by Vitaly Vishnevsky and loses puck.
15:52 of 1st period - Icing by Sami Salo.
15:53 of 1st period - Pierre-Marc Bouchard wins face-off versus Andrew Ebbett in Sénateurs zone.
16:20 of 1st period - Andy Hilbert is hit by Chris Pronger and loses puck.
16:24 of 1st period - Icing by Andrew Ebbett.
16:25 of 1st period - Andrew Ebbett wins face-off versus Pierre-Marc Bouchard in Sénateurs zone.
18:46 of 1st period - Slapshot by Vitaly Vishnevsky.
18:46 of 1st period - Stopped by Jean-Sébastien Giguère with a rebound.
18:48 of 1st period - Slapshot by Vitaly Vishnevsky.
18:48 of 1st period - Shot Blocked by Matt Smaby.
18:50 of 1st period - Snap shot by Todd Bertuzzi.
18:50 of 1st period - Shot Misses the Net.
18:52 of 1st period - Slapshot by Dan Hamhuis.
18:52 of 1st period - Stopped by Jean-Sébastien Giguère without a rebound.
18:53 of 1st period - Gilbert Brule wins face-off versus Pierre-Marc Bouchard in Nordiques zone.
19:01 of 1st period - Minor Penalty to Andrei Kostitsyn for Roughing.
19:02 of 1st period - Gilbert Brule wins face-off versus Pierre-Marc Bouchard in Nordiques zone.
19:02 of 1st period - Slapshot by Jean-Pierre Dumont.
19:02 of 1st period - Shot Misses the Net.
19:04 of 1st period - Snap shot by Jean-Pierre Dumont.
19:04 of 1st period - Shot Misses the Net.
19:06 of 1st period - Snap shot by Dan Girardi.
19:06 of 1st period - Shot Blocked by Bryan McCabe.
19:08 of 1st period - Slapshot by Dan Girardi.
19:08 of 1st period - Shot Blocked by Bryan McCabe.
19:10 of 1st period - Snap shot by Dan Girardi.
19:10 of 1st period - Goal by Dan Girardi - Nordiques : 1 - Sénateurs : 2.
19:11 of 1st period - Pierre-Marc Bouchard wins face-off versus Gilbert Brule in neutral zone.
19:20 of 1st period - Slapshot by Bryan McCabe.
19:20 of 1st period - Shot Misses the Net.
19:24 of 1st period - Wrist shot by Andrei Kostitsyn.
19:24 of 1st period - Stopped by Jonas Hiller without a rebound.
19:25 of 1st period - Gilbert Brule wins face-off versus Jordan Eberle in Sénateurs zone.
19:52 of 1st period - Minor Penalty to Vitaly Vishnevsky for Roughing.
19:53 of 1st period - Gilbert Brule wins face-off versus Pierre-Marc Bouchard in Sénateurs zone.
Goals for this period are 1 for Nordiques vs 2 for Sénateurs.
Shots for this period are 9 for Nordiques vs 18 for Sénateurs.
2nd period
0:01 of 2nd period - Pierre-Marc Bouchard wins face-off versus Gilbert Brule in neutral zone.
1:12 of 2nd period - Pierre-Marc Bouchard is hit by Andy McDonald and loses puck.
1:52 of 2nd period - Penalty to Vitaly Vishnevsky is over, Vitaly Vishnevsky is back on ice.
2:24 of 2nd period - Ed Jovanovski is hit by Nikolai Kulemin and loses puck.
2:49 of 2nd period - Snap shot by Mike York.
2:49 of 2nd period - Stopped by Jonas Hiller with a rebound.
3:40 of 2nd period - Nick Schultz is hit by Nikolai Kulemin and loses puck.
4:42 of 2nd period - Snap shot by Nikolai Kulemin.
4:42 of 2nd period - Stopped by Jean-Sébastien Giguère without a rebound.
4:43 of 2nd period - Gilbert Brule wins face-off versus Jeff Halpern in Nordiques zone.
4:54 of 2nd period - Slapshot by Matt Smaby.
4:54 of 2nd period - Shot Blocked by Vitaly Vishnevsky.
4:56 of 2nd period - Slapshot by Jordan Leopold.
4:56 of 2nd period - Shot Blocked by Vitaly Vishnevsky.
5:08 of 2nd period - Jordan Leopold is hit by Dan Hamhuis and loses puck.
5:29 of 2nd period - Snap shot by Mattias Weinhandl.
5:29 of 2nd period - Deflect By Mike York.
5:29 of 2nd period - Stopped by Jonas Hiller with a rebound.
5:51 of 2nd period - Snap shot by Darcy Hordichuk.
5:51 of 2nd period - Shot Misses the Net.
5:53 of 2nd period - Snap shot by Ryan Parent.
5:53 of 2nd period - Shot Misses the Net.
5:55 of 2nd period - Slapshot by Daymond Langkow.
5:55 of 2nd period - Stopped by Jean-Sébastien Giguère with a rebound.
5:57 of 2nd period - Snap shot by Ryan Parent.
5:57 of 2nd period - Shot Misses the Net.
5:59 of 2nd period - Slapshot by Carlo Colaiacovo.
5:59 of 2nd period - Deflect By Ed Jovanovski.
5:59 of 2nd period - Stopped by Jean-Sébastien Giguère with a rebound.
6:09 of 2nd period - Wrist shot by Ryan Bayda.
6:09 of 2nd period - Stopped by Jonas Hiller without a rebound.
6:10 of 2nd period - Jeff Halpern wins face-off versus Gilbert Brule in Sénateurs zone.
6:23 of 2nd period - Wrist shot by Gilbert Brule.
6:23 of 2nd period - Deflect By Bryan McCabe.
6:23 of 2nd period - Goal by Gilbert Brule - Nordiques : 1 - Sénateurs : 3.
6:24 of 2nd period - Andrei Kostitsyn wins face-off versus Jean-Pierre Dumont in neutral zone.
6:31 of 2nd period - Snap shot by Gilbert Brule.
6:31 of 2nd period - Shot Blocked by Andrei Kostitsyn.
7:32 of 2nd period - Jeff Halpern is hit by Vernon Fiddler and loses puck.
8:19 of 2nd period - Snap shot by Andrei Kostitsyn.
8:19 of 2nd period - Stopped by Jonas Hiller without a rebound.
8:20 of 2nd period - Pierre-Marc Bouchard wins face-off versus Daymond Langkow in Sénateurs zone.
8:23 of 2nd period - Wrist shot by Pierre-Marc Bouchard.
8:23 of 2nd period - Stopped by Jonas Hiller with a rebound.
8:25 of 2nd period - Snap shot by Jordan Eberle.
8:25 of 2nd period - Stopped by Jonas Hiller with a rebound.
8:27 of 2nd period - Snap shot by Pierre-Marc Bouchard.
8:27 of 2nd period - Stopped by Jonas Hiller with a rebound.
8:31 of 2nd period - Backhand shot by Pierre-Marc Bouchard.
8:31 of 2nd period - Stopped by Jonas Hiller with a rebound.
8:33 of 2nd period - Slapshot by Andrei Kostitsyn.
8:33 of 2nd period - Deflect By Pierre-Marc Bouchard.
8:33 of 2nd period - Stopped by Jonas Hiller without a rebound.
8:34 of 2nd period - Gilbert Brule wins face-off versus Pierre-Marc Bouchard in Sénateurs zone.
8:34 of 2nd period - Gilbert Brule is hit by Jordan Eberle.
8:40 of 2nd period - Snap shot by Andy McDonald.
8:40 of 2nd period - Stopped by Jean-Sébastien Giguère with a rebound.
8:42 of 2nd period - Snap shot by Dan Hamhuis.
8:42 of 2nd period - Stopped by Jean-Sébastien Giguère with a rebound.
8:44 of 2nd period - Snap shot by Andy McDonald.
8:44 of 2nd period - Stopped by Jean-Sébastien Giguère with a rebound.
8:46 of 2nd period - Snap shot by Andy McDonald.
8:46 of 2nd period - Shot Misses the Net.
8:56 of 2nd period - Minor Penalty to Chris Pronger for Hooking.
8:57 of 2nd period - Gilbert Brule wins face-off versus Pierre-Marc Bouchard in Nordiques zone.
9:06 of 2nd period - Snap shot by Gilbert Brule.
9:06 of 2nd period - Shot Misses the Net.
9:52 of 2nd period - Todd Bertuzzi is hit by Tyler Arnason and loses puck.
10:37 of 2nd period - Gilbert Brule is hit by Patrik Elias and loses puck.
10:56 of 2nd period - Penalty to Chris Pronger is over, Chris Pronger is back on ice.
11:08 of 2nd period - Snap shot by Nikita Alexeev.
11:08 of 2nd period - Shot Misses the Net.
11:51 of 2nd period - Icing by Ryan Bayda.
11:52 of 2nd period - Peter Prucha wins face-off versus Andrew Ebbett in Nordiques zone.
11:57 of 2nd period - Wrist shot by Mattias Weinhandl.
11:57 of 2nd period - Shot Blocked by B.J. Crombeen.
11:59 of 2nd period - Slapshot by Matt Smaby.
11:59 of 2nd period - Shot Misses the Net.
12:05 of 2nd period - Snap shot by Mattias Weinhandl.
12:05 of 2nd period - Stopped by Jonas Hiller with a rebound.
12:07 of 2nd period - Snap shot by Mike York.
12:07 of 2nd period - Shot Misses the Net.
13:01 of 2nd period - Snap shot by Nikolai Kulemin.
13:01 of 2nd period - Stopped by Jean-Sébastien Giguère with a rebound.
13:03 of 2nd period - Wrist shot by Sami Salo.
13:03 of 2nd period - Shot Misses the Net.
13:05 of 2nd period - Slapshot by Sami Salo.
13:05 of 2nd period - Stopped by Jean-Sébastien Giguère without a rebound.
13:06 of 2nd period - Nikita Alexeev wins face-off versus Tyler Arnason in Nordiques zone.
13:23 of 2nd period - Wrist shot by Nikolai Kulemin.
13:23 of 2nd period - Stopped by Jean-Sébastien Giguère without a rebound.
13:24 of 2nd period - Gilbert Brule wins face-off versus Pierre-Marc Bouchard in Nordiques zone.
13:51 of 2nd period - Bryan McCabe is hit by Daymond Langkow.
13:59 of 2nd period - Slapshot by Chris Pronger.
13:59 of 2nd period - Goal by Chris Pronger - Nordiques : 2 - Sénateurs : 3.
14:00 of 2nd period - Gilbert Brule wins face-off versus Pierre-Marc Bouchard in neutral zone.
15:11 of 2nd period - Chris Pronger is hit by Nikolai Kulemin and loses puck.
15:18 of 2nd period - Wrist shot by Andrei Kostitsyn.
15:18 of 2nd period - Stopped by Jonas Hiller without a rebound.
15:19 of 2nd period - Gilbert Brule wins face-off versus Pierre-Marc Bouchard in Sénateurs zone.
15:24 of 2nd period - Slapshot by Gilbert Brule.
15:24 of 2nd period - Shot Blocked by Andrei Kostitsyn.
15:44 of 2nd period - Daymond Langkow is hit by Patrik Elias and loses puck.
16:42 of 2nd period - Jeff Halpern is hit by Gilbert Brule.
16:48 of 2nd period - Gilbert Brule is hit by Nick Schultz and loses puck.
17:18 of 2nd period - Tyler Arnason is hit by Daymond Langkow and loses puck.
17:29 of 2nd period - Minor Penalty to Peter Prucha for Holding.
17:30 of 2nd period - Gilbert Brule wins face-off versus Pierre-Marc Bouchard in Nordiques zone.
17:41 of 2nd period - Gilbert Brule is hit by Bryan McCabe and loses puck.
19:29 of 2nd period - Penalty to Peter Prucha is over, Peter Prucha is back on ice.
19:35 of 2nd period - Rickard Wallin is hit by Andy Hilbert and loses puck.
Goals for this period are 1 for Nordiques vs 1 for Sénateurs.
Shots for this period are 12 for Nordiques vs 10 for Sénateurs.
3rd period
0:01 of 3rd period - Gilbert Brule wins face-off versus Pierre-Marc Bouchard in neutral zone.
0:12 of 3rd period - Slapshot by Pierre-Marc Bouchard.
0:12 of 3rd period - Shot Misses the Net.
0:14 of 3rd period - Snap shot by Jordan Eberle.
0:14 of 3rd period - Stopped by Jonas Hiller with a rebound.
0:26 of 3rd period - Vitaly Vishnevsky is hit by Bryan McCabe and loses puck.
0:33 of 3rd period - Wrist shot by Mattias Weinhandl.
0:33 of 3rd period - Shot Misses the Net.
0:35 of 3rd period - Wrist shot by Rickard Wallin.
0:35 of 3rd period - Stopped by Jonas Hiller with a rebound.
0:37 of 3rd period - Slapshot by Matt Smaby.
0:37 of 3rd period - Shot Blocked by Jean-Pierre Dumont.
0:51 of 3rd period - Matt Smaby is hit by Darcy Hordichuk and loses puck.
1:12 of 3rd period - Wrist shot by Andrew Ebbett.
1:12 of 3rd period - Stopped by Jean-Sébastien Giguère with a rebound.
1:14 of 3rd period - Wrist shot by Andrew Ebbett.
1:14 of 3rd period - Shot Misses the Net.
1:58 of 3rd period - Wrist shot by Mattias Weinhandl.
1:58 of 3rd period - Deflect By Darcy Hordichuk.
1:58 of 3rd period - Shot Misses the Net.
1:58 of 3rd period - Puck is out of play.
1:59 of 3rd period - Daymond Langkow wins face-off versus Pierre-Marc Bouchard in Sénateurs zone.
2:01 of 3rd period - Minor Penalty to Sami Salo for Tripping.
2:02 of 3rd period - Gilbert Brule wins face-off versus Pierre-Marc Bouchard in Sénateurs zone.
2:10 of 3rd period - Slapshot by Bryan McCabe.
2:10 of 3rd period - Shot Misses the Net.
2:36 of 3rd period - Wrist shot by Patrik Elias.
2:36 of 3rd period - Deflect By Peter Prucha.
2:36 of 3rd period - Stopped by Jonas Hiller without a rebound.
2:37 of 3rd period - Patrik Elias wins face-off versus Gilbert Brule in Sénateurs zone.
3:06 of 3rd period - Vitaly Vishnevsky is hit by Pierre-Marc Bouchard and loses puck.
4:01 of 3rd period - Penalty to Sami Salo is over, Sami Salo is back on ice.
4:37 of 3rd period - Minor Penalty to Darcy Hordichuk for Hooking.
4:38 of 3rd period - Pierre-Marc Bouchard wins face-off versus Gilbert Brule in Sénateurs zone.
4:41 of 3rd period - Wrist shot by Pierre-Marc Bouchard.
4:41 of 3rd period - Shot Misses the Net.
4:43 of 3rd period - Snap shot by Jordan Eberle.
4:43 of 3rd period - Shot Misses the Net.
4:45 of 3rd period - Slapshot by Jordan Leopold.
4:45 of 3rd period - Goal by Jordan Leopold - Nordiques : 3 - Sénateurs : 3.
4:46 of 3rd period - Gilbert Brule wins face-off versus Pierre-Marc Bouchard in neutral zone.
4:53 of 3rd period - Andrei Kostitsyn is hit by Jean-Pierre Dumont and loses puck.
5:08 of 3rd period - Minor Penalty to Gilbert Brule for Goalie Interference.
5:09 of 3rd period - Pierre-Marc Bouchard wins face-off versus Jean-Pierre Dumont in Sénateurs zone.
7:08 of 3rd period - Penalty to Gilbert Brule is over, Gilbert Brule is back on ice.
7:09 of 3rd period - Gilbert Brule is hit by Peter Prucha and loses puck.
7:58 of 3rd period - Matt Smaby is hit by Jean-Pierre Dumont and loses puck.
8:59 of 3rd period - Chris Pronger is hit by Nikita Alexeev and loses puck.
9:12 of 3rd period - Bryan McCabe is hit by Andrew Ebbett and loses puck.
9:29 of 3rd period - Jordan Leopold is hit by Darcy Hordichuk and loses puck.
9:48 of 3rd period - Icing by Tyler Arnason.
9:49 of 3rd period - Andy Hilbert wins face-off versus Tyler Arnason in Nordiques zone.
10:19 of 3rd period - Wrist shot by Jean-Pierre Dumont.
10:19 of 3rd period - Shot Misses the Net.
10:21 of 3rd period - Wrist shot by Jean-Pierre Dumont.
10:21 of 3rd period - Stopped by Jean-Sébastien Giguère without a rebound.
10:22 of 3rd period - Pierre-Marc Bouchard wins face-off versus Daymond Langkow in Nordiques zone.
10:22 of 3rd period - Pierre-Marc Bouchard is hit by Daymond Langkow.
10:49 of 3rd period - Off-side.
10:50 of 3rd period - Tyler Arnason wins face-off versus Gilbert Brule in neutral zone.
11:04 of 3rd period - Snap shot by Peter Prucha.
11:04 of 3rd period - Shot Blocked by Vitaly Vishnevsky.
11:35 of 3rd period - Slapshot by Jean-Pierre Dumont.
11:35 of 3rd period - Stopped by Jean-Sébastien Giguère without a rebound.
11:36 of 3rd period - Pierre-Marc Bouchard wins face-off versus Daymond Langkow in Nordiques zone.
11:36 of 3rd period - Pierre-Marc Bouchard is hit by Darcy Hordichuk.
12:02 of 3rd period - Dan Girardi is hit by Rickard Wallin and loses puck.
12:07 of 3rd period - Wrist shot by Mattias Weinhandl.
12:07 of 3rd period - Deflect By Andrew Ebbett.
12:07 of 3rd period - Shot Blocked by Andy Hilbert.
12:07 of 3rd period - Puck is out of play.
12:08 of 3rd period - Andrew Ebbett wins face-off versus Rickard Wallin in Sénateurs zone.
12:08 of 3rd period - Andrew Ebbett is hit by Mike York.
12:27 of 3rd period - Minor Penalty to Vitaly Vishnevsky for Hooking.
12:28 of 3rd period - Pierre-Marc Bouchard wins face-off versus Jean-Pierre Dumont in Sénateurs zone.
12:30 of 3rd period - Snap shot by Pierre-Marc Bouchard.
12:30 of 3rd period - Shot Blocked by Jean-Pierre Dumont.
12:32 of 3rd period - Wrist shot by Pierre-Marc Bouchard.
12:32 of 3rd period - Stopped by Jonas Hiller without a rebound.
12:33 of 3rd period - Andrei Kostitsyn wins face-off versus Gilbert Brule in Sénateurs zone.
14:27 of 3rd period - Penalty to Vitaly Vishnevsky is over, Vitaly Vishnevsky is back on ice.
15:22 of 3rd period - Slapshot by Andrew Ebbett.
15:22 of 3rd period - Stopped by Jean-Sébastien Giguère with a rebound.
15:24 of 3rd period - Snap shot by Andrew Ebbett.
15:24 of 3rd period - Shot Blocked by Matt Ellison.
15:26 of 3rd period - Snap shot by Andrew Ebbett.
15:26 of 3rd period - Stopped by Jean-Sébastien Giguère with a rebound.
15:28 of 3rd period - Slapshot by Andy Hilbert.
15:28 of 3rd period - Shot Misses the Net.
15:34 of 3rd period - Major Penalty to Matt Ellison for Kneeing.
15:35 of 3rd period - Pierre-Marc Bouchard wins face-off versus Gilbert Brule in Nordiques zone.
16:08 of 3rd period - Bryan McCabe is hit by Darcy Hordichuk and loses puck.
17:43 of 3rd period - B.J. Crombeen is hit by Jeff Halpern and loses puck.
17:50 of 3rd period - Andrei Kostitsyn is hit by Nikita Alexeev.
17:54 of 3rd period - Andrei Kostitsyn is hit by Nikita Alexeev and loses puck.
Goals for this period are 1 for Nordiques vs 0 for Sénateurs.
Shots for this period are 5 for Nordiques vs 5 for Sénateurs.
Overtime #1
0:01 of 1st overtime period - Pierre-Marc Bouchard wins face-off versus Gilbert Brule in neutral zone.
0:04 of 1st overtime period - Slapshot by Bryan McCabe.
0:04 of 1st overtime period - Shot Misses the Net.
0:12 of 1st overtime period - Slapshot by Pierre-Marc Bouchard.
0:12 of 1st overtime period - Stopped by Jonas Hiller without a rebound.
0:13 of 1st overtime period - Pierre-Marc Bouchard wins face-off versus Gilbert Brule in Sénateurs zone.
0:18 of 1st overtime period - Snap shot by Bryan McCabe.
0:18 of 1st overtime period - Shot Misses the Net.
0:29 of 1st overtime period - Slapshot by Vitaly Vishnevsky.
0:29 of 1st overtime period - Deflect By Jean-Pierre Dumont.
0:29 of 1st overtime period - Stopped by Jean-Sébastien Giguère without a rebound.
0:30 of 1st overtime period - Gilbert Brule wins face-off versus Pierre-Marc Bouchard in Nordiques zone.
0:31 of 1st overtime period - Wrist shot by Jean-Pierre Dumont.
0:31 of 1st overtime period - Stopped by Jean-Sébastien Giguère with a rebound.
0:34 of 1st overtime period - Penalty to Matt Ellison is over, Matt Ellison is back on ice.
1:33 of 1st overtime period - Wrist shot by B.J. Crombeen.
1:33 of 1st overtime period - Shot Blocked by Matt Smaby.
3:05 of 1st overtime period - Dan Girardi is hit by Patrik Elias and loses puck.
4:18 of 1st overtime period - Vitaly Vishnevsky is hit by Bryan McCabe and loses puck.
4:39 of 1st overtime period - Chris Pronger is hit by Dan Hamhuis and loses puck.
Goals for this period are 0 for Nordiques vs 0 for Sénateurs.
Shots for this period are 1 for Nordiques vs 2 for Sénateurs.
ShootOut
5:00 of 1st overtime period - Penalty Shot by Andrei Kostitsyn for Nordiques.
5:00 of 1st overtime period - Snap shot by Andrei Kostitsyn.
5:00 of 1st overtime period - Stopped by Jonas Hiller.
5:00 of 1st overtime period - Penalty Shot by Gilbert Brule for Sénateurs.
5:00 of 1st overtime period - Wrist shot by Gilbert Brule.
5:00 of 1st overtime period - Stopped by Jean-Sébastien Giguère.
5:00 of 1st overtime period - Penalty Shot by Pierre-Marc Bouchard for Nordiques.
5:00 of 1st overtime period - Wrist shot by Pierre-Marc Bouchard.
5:00 of 1st overtime period - Stopped by Jonas Hiller.
5:00 of 1st overtime period - Penalty Shot by Jean-Pierre Dumont for Sénateurs.
5:00 of 1st overtime period - Snap shot by Jean-Pierre Dumont.
5:00 of 1st overtime period - Stopped by Jean-Sébastien Giguère.
5:00 of 1st overtime period - Penalty Shot by Jordan Eberle for Nordiques.
5:00 of 1st overtime period - Wrist shot by Jordan Eberle.
5:00 of 1st overtime period - Goal by Jordan Eberle.
5:00 of 1st overtime period - Penalty Shot by Daymond Langkow for Sénateurs.
5:00 of 1st overtime period - Snap shot by Daymond Langkow.
5:00 of 1st overtime period - Goal by Daymond Langkow.
5:00 of 1st overtime period - Penalty Shot by Peter Prucha for Nordiques.
5:00 of 1st overtime period - Deke by Peter Prucha.
5:00 of 1st overtime period - Stopped by Jonas Hiller.
5:00 of 1st overtime period - Penalty Shot by Andy McDonald for Sénateurs.
5:00 of 1st overtime period - Wrist shot by Andy McDonald.
5:00 of 1st overtime period - Goal by Andy McDonald.
Output by the SimonT Hockey Simulator (STHS) for François Prévost -- Original Page W3C XHTML 1.0 Valid